 Dungeon Crawl Stone Soup version 0.27-a0-887-gcab673c (webtiles) character file.

Game seed: 2506132676375991087

569 Nithhogg the Slasher (level 7, -5/52 (56) HPs)
             Began as a Barachi Fighter on Apr 3, 2021.
             Slain by a water moccasin (6 damage)
             ... on level 4 of the Dungeon.
             The game lasted 00:08:47 (5541 turns).

Nithhogg the Slasher (Barachi Fighter)              Turns: 5541, Time: 00:08:48

HP:   -5/52 (56)    AC:  7    Str: 20    XL:     7   Next: 33%
MP:   7/7           EV: 11    Int:  8    God:
Gold: 180           SH:  0    Dex: 11    Spells: 6/6 levels left

rFire    . . .     SeeInvis .   k - +1 short sword (venom)
rCold    + . .     Faith    .   (no shield)
rNeg     . . .     Spirit   .   b - +0 scale mail
rPois    .         Reflect  .   (no helmet)
rElec    .         Harm     .   n - scarf {+Inv}
rCorr    .         Rampage  .   (no gloves)
Will     .....                  (no boots)
Stlth    ..........             (no amulet)
HPRegen  0.17/turn              h - ring of protection from cold
MPRegen  0.10/turn              (no ring)

@: brilliant, can't hop, attractive, very slightly contaminated, hasted,
drained, quick
A: +LOS, amphibious, slowness 1, strong legs 1
a: Hop, Evoke Invisibility


You were on level 4 of the Dungeon.
You visited 2 branches of the dungeon, and saw 6 of its levels.

You collected 180 gold pieces.

Inventory:

Hand Weapons
 a - a +0 long sword
 k - a +1 short sword of venom (weapon)
 s - a +6 short sword
Armour
 b - a +0 scale mail (worn)
 c - a +0 kite shield
 n - a scarf of invisibility (worn)
Jewellery
 h - a ring of protection from cold (left hand)
Wands
 d - a wand of random effects (10)
Scrolls
 f - 7 scrolls of identify
 g - 2 scrolls of vulnerability
 j - 2 scrolls of magic mapping
 m - a scroll of noise
 t - a scroll of blinking
 u - a scroll of amnesia
Potions
 e - a potion of flight {unknown}
 i - a potion of berserk rage
 l - a potion of lignification {unknown}
 o - a potion of magic {unknown}
 p - a potion of brilliance
 q - a potion of haste
 r - a potion of attraction


   Skills:
 + Level 5.4 Fighting
 * Level 6.1 Long Blades
 + Level 5.4 Armour
 + Level 3.5 Dodging
 - Level 3.2 Shields


You had 6 spell levels left.
You didn't know any spells.
Your spell library was empty.

Dungeon Overview and Level Annotations

Branches:
Dungeon (5/15)             Temple (1/1) D:4

Altars:
Dithmenos
Elyvilon
Fedhas
Hepliaklqana
Kikubaaqudgha
Makhleb
Qazlal
Ru
Sif Muna
Uskayaw
Vehumet
Xom
Yredelemnul
Zin

Shops:
D:2 =

Annotations:
D:2 slaying ring
D:5 Dowan, Duvessa


Innate Abilities, Weirdness & Mutations

You can be seen from farther away. (+LOS)
You are amphibious.
You cover ground slowly.
You can hop short distances.


Message History

Press: ? - help, Dir - move target
As you read the scroll labelled EPRUHAM JAIXKU, it crumbles to dust.
It was a scroll of blinking.
You feel very sick.
You feel very sick.
Your legs are too worn out to hop.
Okay, then.
You feel drained.
You fade into invisibility!
You are very lightly contaminated with residual magic.
You feel sick.
You feel sick.
You feel sick.
You feel sick.
You feel sick.
You see here a +0 dagger.
You feel sick.
You feel sick.
You are no longer poisoned.
You see here 23 bolts.
You flicker for a moment.
The water moccasin closely misses you. The water moccasin bites you!
* * * LOW HITPOINT WARNING * * *
It was a potion of brilliance.
You feel clever all of a sudden. The water moccasin closely misses you.
It was a potion of haste.
You feel yourself speed up. The water moccasin closely misses you.
The water moccasin barely misses you.
Okay, then.
Okay, then.
You flicker back into view.
The water moccasin barely misses you. The water moccasin bites you.
* * * LOW HITPOINT WARNING * * *
Okay, then.
It was a potion of attraction.
You feel attractive to monsters. The water moccasin bites you.
You die...

.......#.##.................[....
.....#.#............#......#.....
....[#.#...#........##....###..##
..##........#............###...##
.###......##......#........##...#
......##.............#).........#
.##....#.............##..[...##.#
.......#.........##.#............
...##..##......S@..####..........
#.####..#.....#..### #.#<......#
#......##.....##.# ####...####
###....#####..#### #.### ##.###
#....# ### ### ###.## #.# ###


You could see a water moccasin.

Vanquished Creatures
  A black bear (D:4)
  Blork the orc (D:3)
  A crimson imp (D:4)
  A bullfrog zombie (D:5)
  A hound (D:3)
  Jessica (D:2)
  An iguana (D:3)
  Ijyb (D:4)
  Natasha (thrice) (D:4)
  Terence (D:3)
  An orc wizard (D:4)
  An adder (D:2)
  An ufetubus (D:4)
  3 dart slugs
  4 orcs
  8 ball pythons
  8 endoplasms
  6 giant cockroaches
  11 goblins
  5 hobgoblins
  15 jackals
  2 quokkas
  3 bats
  3 frilled lizards
  5 kobolds
  5 rats
93 creatures vanquished.

Vanquished Creatures (others)
  A jackal (D:3)
1 creature vanquished.

Grand Total: 94 creatures vanquished

Notes
Turn   | Place    | Note
-------+----------+-------------------------------------------
     0 | D:1      | Nithhogg the Barachi Fighter began the quest for the Orb.
     0 | D:1      | Reached XP level 1. HP: 18/18 MP: 1/1
   142 | D:1      | Reached XP level 2. HP: 21/25 MP: 2/2
   354 | D:1      | Reached skill level 3 in Long Blades
   553 | D:1      | Reached skill level 1 in Dodging
   597 | D:1      | Reached XP level 3. HP: 30/30 MP: 3/3
  1214 | D:2      | Reached XP level 4. HP: 35/37 MP: 4/4
  1290 | D:2      | Found Bowug's Jewellery Shoppe.
  1567 | D:2      | Found a faded altar of an unknown god.
  1725 | D:2      | Noticed Jessica
  1727 | D:2      | Found a shimmering altar of Xom.
  1736 | D:2      | Killed Jessica
  1737 | D:2      | Reached skill level 4 in Long Blades
  2305 | D:3      | Noticed Terence
  2315 | D:3      | Killed Terence
  2316 | D:3      | Reached XP level 5. HP: 31/43 MP: 5/5
  2519 | D:3      | Found a radiant altar of Vehumet.
  2519 | D:3      | Found a sacrificial altar of Ru.
  2595 | D:3      | Found a stormy altar of Qazlal.
  2812 | D:4      | Noticed a black bear
  3051 | D:4      | Killed a black bear
  3052 | D:4      | Reached skill level 5 in Long Blades
  3052 | D:4      | Reached XP level 6. HP: 21/50 MP: 6/6
  3307 | D:4      | Reached skill level 5 in Armour
  3352 | D:4      | Noticed Natasha
  3361 | D:4      | Killed Natasha
  3362 | D:4      | Reached skill level 5 in Fighting
  3466 | D:4      | Noticed Natasha
  3478 | D:4      | Killed Natasha
  3570 | D:4      | Noticed Blork the orc
  3618 | D:3      | Killed Blork the orc
  3619 | D:3      | Reached XP level 7. HP: 11/56 MP: 7/7
  3915 | D:4      | Noticed Natasha
  3930 | D:4      | Killed Natasha
  4062 | D:4      | Found a shimmering altar of Xom.
  4063 | D:4      | Found a burning altar of Makhleb.
  4086 | D:4      | Reached skill level 6 in Long Blades
  4358 | D:4      | Found a staircase to the Ecumenical Temple.
  4368 | Temple   | Entered the Ecumenical Temple
  4785 | D:4      | Noticed Ijyb
  4806 | D:4      | Killed Ijyb
  5136 | D:5      | Entered Level 5 of the Dungeon
  5188 | D:5      | Noticed Dowan
  5193 | D:5      | Noticed Duvessa
  5540 | D:4      | HP: 1/52 [water moccasin (4)]
  5541 | D:4      | Slain by a water moccasin

Illustrated notes

Levels and vault maps discovered:
D:1:      dpeg_arrival_arbitrary_a, layout_basic, minmay_tetromino_s4
D:2:      layout_basic, basic_ecumenical_altar, basic_altar, serial_shops, shop,
          uniq_jessica
D:3:      layout_loops_cross, nicolae_qazlal_eye_of_the_storm,
          gammafunk_temple_overflow_elements, uniq_terence
D:4:      layout_cave_pools, grunt_temple_overflow_champion_of_chaos,
          lemuel_temple_firewalk_b, uniq_blork_the_orc, uniq_natasha, uniq_ijyb
D:5:      layout_basic, tso_oasis_becter, nemelex_spade_bored_becter,
          nicolae_ashenzari_skybound, minmay_misc_feat_square, uniq_duvessa,
          uniq_pikel, uniq_crazy_yiuf_cottage
Temple:   compressed_dpeg_triangle_lava_temple

Skill      XL: |  1  2  3  4  5  6  7 |
---------------+----------------------+-----
Long Blades    | 3 4 5 6 |  6.1
Dodging        | 1 2 3 |  3.5
Fighting       | 4 5 |  5.4
Armour         | 4 5 |  5.4
Shields        | |  3.2

Action                   |  1- 3 |  4- 6 |  7- 9 || total
-------------------------+-------+-------+-------++-------
Melee: Long sword        |    67 |       |       ||    67
       Short sword       |    16 |   163 |    71 ||   250
 Abil: Hop               |       |     2 |     2 ||     4
       Evoke Invisibilit |       |       |     1 ||     1
  Use: Scroll            |     2 |     3 |     1 ||     6
       Potion            |       |     6 |     5 ||    11
Armor: Scale mail        |    66 |    91 |    24 ||   181
Dodge: Dodged            |    54 |   128 |    46 ||   228
       Rpst.: Long sword |    14 |       |       ||    14

Table legend: (Time is in decaauts)
 A = Elapsed time spent in this place.
 B = Non-inter-level travel time spent in this place.
 C = Inter-level travel time spent in this place.
 D = Time resting spent in this place.
 E = Time spent auto-exploring this place.
 F = Levels seen in this place.
 G = Mean time per level.
                   A        B        C        D        E       F      G
               +--------+--------+--------+--------+--------+-----+--------+
         Total |   6103 |   5972 |    131 |   1390 |   3640 |   6 | 1017.2 |
       Dungeon |   5799 |   5668 |    131 |   1390 |   3359 |   5 | 1159.8 |
        Temple |    304 |    304 |      0 |      0 |    280 |   1 |  304.0 |
               +--------+--------+--------+--------+--------+-----+--------+

Top non-repeatable levels by time:
     D:4: 1868 daAuts
     D:3: 1610 daAuts
     D:1: 1357 daAuts
     D:2: 882 daAuts
  Temple: 304 daAuts
     D:5: 80 daAuts
